 Dungeon Crawl Stone Soup version 0.26.1-11-gd32895ea62 (webtiles) character file.

Game seed: 390236119586730502

85 Zeld the Skirmisher (level 4, -2/33 HPs)
             Began as an Octopode Monk on May 11, 2021.
             Shot with a stone by a goblin (4 damage)
             ... led by Robin
             ... on level 2 of the Dungeon.
             The game lasted 00:02:10 (1976 turns).

Zeld the Skirmisher (Octopode Monk)                 Turns: 1976, Time: 00:02:10

Health: -2/33      AC:  1    Str: 11    XL:     4   Next: 48%
Magic:  6/6        EV: 15    Int: 12    God:
Gold:   95         SH:  0    Dex: 14    Spells: 6/6 levels left

rFire    . . .     SeeInvis .     - Unarmed
rCold    . . .     Faith    .   (no shield)
rNeg     . . .     Spirit   .   (helmet restricted)
rPois    .         Reflect  .   (no amulet)
rElec    .         Harm     .   (no ring)
rCorr    .         Rampage  .   (no ring)
Will     .....                  (no ring)
Stlth    +++.......             (no ring)
HPRegen  0.11/turn              (no ring)
MPRegen  0.10/turn              (no ring)
                                (no ring)
                                (no ring)

@: no status effects
A: almost no armour, stealthy swim, amphibious, 8 rings, constrict 8, camouflage
1, gelatinous body 1
a: no special abilities


You were on level 2 of the Dungeon.
You visited 1 branch of the dungeon, and saw 2 of its levels.

You collected 95 gold pieces.

Inventory:

Scrolls
 b - 3 scrolls of identify {unknown}
 c - 2 scrolls of enchant weapon {unknown}
 d - a scroll of remove curse {unknown}
Potions
 a - a potion of curing {unknown}


   Skills:
 + Level 3.8 Fighting
 + Level 3.8 Dodging
 - Level 2.6 Stealth
 - Level 3.0 Unarmed Combat
 + Level 1.9 Spellcasting


You had 6 spell levels left.
You didn't know any spells.
Your spell library was empty.

Dungeon Overview and Level Annotations

Branches:
Dungeon (2/15)

Altars:

Annotations:
D:2 Robin


Innate Abilities, Weirdness & Mutations

You cannot wear most types of armour.
You are very stealthy in the water. (Stealth+)
You are amphibious.
You can wear up to eight rings at the same time.
You can use your tentacles to constrict eight enemies at once.
Your skin changes colour to match your surroundings (Stealth+).
Your rubbery body absorbs attacks. (AC +1, EV +1)


Message History

You see here a hobgoblin corpse.
You closely miss the goblin. You grab the goblin. You squeeze the goblin.
You kill the goblin!
The goblin shoots a stone.
The stone hits you!
* * * LOW HITPOINT WARNING * * *
Things that are here:
a +0 hunting sling; a stone A goblin is nearby!
Things that are here:
a +0 hunting sling; a stone The goblin shoots a stone.
The stone hits you but does no damage.
Things that are here:
a stone; a hobgoblin corpse The goblin shoots a stone.
The stone barely misses you.
You see here a stone.
The goblin shoots a stone.
The stone hits you.
* * * LOW HITPOINT WARNING * * *
You see here a stone.
The goblin shoots a stone.
The stone hits you.
You die...

..#.###...###########
#...... .........##
###...# ....###..####.#
#.# #...# .# #.......# #.#
#...# ##.###### #.# #...#
g#.##.g...# #.########...#
#..........#####
#.............
.....##....)((((#
#............. ####
#########@###......)......
#.......######...#
#####.### .# #.# #.#
#.####### #........
#########.#####.#
......†.<.#


You could see a goblin.

Vanquished Creatures
  2 gnolls
  3 adders (D:2)
  A dart slug (D:1)
  2 ball pythons (D:1)
  6 bats
  7 goblins
  5 hobgoblins
  A quokka (D:2)
  2 frilled lizards (D:1)
  4 kobolds (D:1)
  6 rats (D:1)
39 creatures vanquished.

Notes
Turn   | Place    | Note
-------+----------+-------------------------------------------
     0 | D:1      | Zeld the Octopode Monk began the quest for the Orb.
     0 | D:1      | Reached XP level 1. HP: 16/16 MP: 1/1
   132 | D:1      | Reached XP level 2. HP: 17/21 MP: 2/2
   480 | D:1      | Reached skill level 1 in Spellcasting
   606 | D:1      | Reached XP level 3. HP: 15/26 MP: 4/4
  1518 | D:2      | Reached XP level 4. HP: 28/32 MP: 6/6
  1926 | D:2      | Noticed Robin
  1976 | D:2      | Shot with a stone by a goblin

Illustrated notes

Levels and vault maps discovered:
D:1:      lightli_molten_gateway, layout_loops_ring, minmay_box_of_dots
D:2:      layout_loops_cross, lemuel_coloured_pillars_altar,
          nicolae_qazlal_general_emergency, marbit_many_paths,
          kennysheep_path_1, minmay_misc_feat_secret_circle, uniq_robin,
          uniq_sigmund

Skill      XL: |  1  2 |
---------------+-------+-----
Spellcasting   | 1 |  1.9
Fighting       | |  3.8
Dodging        | |  3.8
Stealth        | |  2.6
Unarmed Combat | |  3.0

Action                   |  1- 3 |  4- 6 || total
-------------------------+-------+-------++-------
Melee: Unarmed           |    60 |    19 ||    79
       Constrict         |    20 |     7 ||    27
       Tentacles         |    13 |     7 ||    20
 Stab: Sleeping          |    10 |     1 ||    11
Armor: Skin              |    11 |     2 ||    13
Dodge: Dodged            |    55 |    25 ||    80
